 Dungeon Crawl Stone Soup version 0.14-a0-1876-g927fc3a (webtiles) character file.

89705 HollowCharge the Severer (level 15, -10/138 (139) HPs)
             Began as a Hill Orc Fighter on Jan 12, 2014.
             Was the Champion of Beogh.
             Mangled by a swamp worm (12 damage)
             ... on Level 5 of the Swamp on Jan 15, 2014.
             The game lasted 04:11:46 (34939 turns).

HollowCharge the Severer (Hill Orc Fighter)        Turns: 34939, Time: 04:11:46

HP -10/138 (139) AC 28     Str 26      XL: 15   Next: 89%
MP  26/26        EV  8     Int  8      God: Beogh [******]
Gold 2478        SH 43     Dex 10      Spells:  0 memorised, 14 levels left

rFire  + . .     SeeInvis .     z - +2,+4 dwarf broad axe (venom)
rCold  . . .     Clarity  +     D - +5 ring mail {rF+}
rNeg   . . .     Conserve .     B - +3 large shield
rPois  .         rCorr    .     K - +2 orc helmet
rElec  .         rRot     .     j - +2 dwarf cloak
SustAb . .       Spirit   .     s - +2 pair of gloves
rMut   .         Warding  .     o - +2 pair of orc boots
Saprov + . .     Stasis   .     y - amulet of clarity
MR     ++...                    (no ring)
                                P - ring of protection from magic

@: quite poisoned, slowed, very slow, very resistant to hostile enchantments,
extremely unstealthy
A: walk on water, saprovore 1
a: Smiting, Recall Orcish Followers, Renounce Religion


You were on level 5 of the Swamp.
You worshipped Beogh.
Beogh was exalted by your worship.
You were not hungry.

You visited 4 branches of the dungeon, and saw 32 of its levels.
You also visited: Bailey.

You collected 2858 gold pieces.
You spent 380 gold pieces at shops.

Inventory:

Hand weapons
 z - a +2,+4 dwarven broad axe of venom (weapon)
 L - a +1,+0 dwarven falchion
 Z - a +1,+0 hand axe of flaming
Armour
 j - a +2 dwarven cloak (worn)
 o - a +2 pair of orcish boots (worn)
 s - a +2 pair of gloves (worn)
 B - a +3 large shield (worn)
 D - a +5 ring mail of fire resistance (worn)
 G - a +2 orcish plate armour
 K - a +2 orcish helmet (worn)
Magical devices
 e - a wand of cold (15) {unknown}
 i - a wand of polymorph (11) {unknown}
 k - a wand of confusion (10)
 x - a wand of lightning (6)
 I - a wand of flame (9) {unknown}
 O - a wand of draining (4)
 U - a wand of enslavement (15)
Comestibles
 d - 11 meat rations
 h - 8 bread rations
Scrolls
 t - 3 scrolls of identify
 A - a scroll of torment {unknown}
 F - 7 scrolls of remove curse
 Q - a scroll of amnesia
 T - 8 scrolls of teleportation
Jewellery
 a - an uncursed ring of teleport control
 b - a cursed ring of teleportation
 m - an uncursed ring of fire
 p - an uncursed ring of see invisible
 y - an amulet of clarity (around neck)
 E - an uncursed ring of positive energy
 P - a ring of protection from magic (left hand)
 W - an uncursed ring of magical power
 X - an uncursed ring of fire
 Y - an uncursed ring of flight
Potions
 f - 2 potions of cure mutation
 g - 18 potions of curing
 n - 3 potions of magic
 q - a potion of flight
 r - a potion of experience {unknown}
 u - 3 potions of resistance
 w - 4 potions of might
 C - 2 potions of porridge
 H - a potion of brilliance
 J - 3 potions of heal wounds
 N - 2 potions of speed
 R - a potion of lignification
Books
 l - a book of Fire

   Spells                             Type                      Level
   Fire Brand                         Charms/Fire                  2
   Ignite Poison                      Fire/Transmutation           5
   Fireball                           Conjuration/Fire             5
   Bolt of Fire                       Conjuration/Fire             6
   Delayed Fireball                   Conjuration/Fire             7
   Ring of Flames                     Charms/Fire                  7
 M - a book of Dreams

   Spells                             Type                      Level
   Ensorcelled Hibernation            Hexes/Ice                    2
   Flight                             Charms/Air                   3
   Phase Shift                        Translocation                5
   Shadow Creatures                   Summoning                    5
   Mass Confusion                     Hexes                        6
   Darkness                           Hexes                        7
 V - a book of Transfigurations

   Spells                             Type                      Level
   Stoneskin                          Transmutation/Earth          2
   Ice Form                           Ice/Transmutation            4
   Statue Form                        Transmutation/Earth          6
   Dragon Form                        Transmutation                7
Miscellaneous
 c - a sack of spiders


   Skills:
 + Level 14.8 Fighting
 + Level 19.1 Axes
 + Level 13.7 Armour
 + Level 13.7 Shields
 - Level 5.2 Invocations
 + Level 8.1 Evocations


You had 14 spell levels left.
You didn't know any spells.

Dungeon Overview and Level Annotations

Branches:
Dungeon (15/16)            Temple (0/1) D:6             Orc (4/4) D:9
    Elf (0/3) Orc:4          Lair (8/8) D:10          Swamp (5/5) Lair:3
 Spider (0/5) Lair:3       Vaults (0/5) D:15
  Slime: Lair:6-8

Altars:
Cheibriados
Kikubaaqudgha
Makhleb
Nemelex Xobeh
Okawaru
Trog
Vehumet
Xom
Zin
Beogh

Shops:
D:9 =:?   D:11 [   Orc:4 (%([

Annotations:
Lair:7 exclusion: oklob plant


Innate Abilities, Weirdness & Mutations

You can walk on water.
You can tolerate rotten meat.


Message History

Ugrim picks up an uncursed orcish chain mail.
Ugrim wears an uncursed orcish chain mail.
You block the swamp worm's attack.
* * * LOW HITPOINT WARNING * * *
You feel sick.
Your ice devil disappears in a puff of smoke!
Your orc high priest prays to Beogh.
The swamp worm bites you!
* * * LOW HITPOINT WARNING * * *
You block the swamp worm's attack.
You see here a bog body corpse.
* * * LOW HITPOINT WARNING * * *
You feel sick.
Bladwarg looks more healthy.
You block the swamp worm's attack.
Ortolf roars a battle-cry!
Ugrim goes into a battle-frenzy!
Your blue devil swoops through the air toward the swamp worm!
Your blue devil hits the swamp worm.
The swamp worm bites you!
You die...

♣.≈ ♣.≈≈♣ .≈≈≈≈≈
.≈≈≈≈.. #♣ ≈≈≈≈.♣♣.
♣≈.≈.. . ♣.♣≈?# ≈.≈
♣.≈4@♣# ≈≈♣...w§♣#
♣...♣♣§%## ♣
♣♣.≈♣♣♣oo##♣ #♣ ♣#≈§
♣♣.≈≈..♣oooo♣♣#≈#♣≈≈≈♣.
♣≈≈≈≈≈.%≈≈o%≈♣.≈≈ ≈≈≈.
♣♣♣≈≈..≈§≈o♣≈≈≈♣ {.♣
♣.≈≈≈≈3[♣♣..♣♣♣♣.{♣ ≈
♣≈≈≈≈≈[%.§..♣♣♣...♣≈.


You could see a swamp worm, the friendly Bladwarg the orc knight (frenzied), the
friendly Bogdan the orc knight (frenzied), the friendly Ortolf the orc knight
(frenzied), the friendly Wargrak the orc knight, a friendly orc high priest, a
friendly blue devil, a friendly orc warrior (frenzied), the friendly Gorm the
orc warrior (frenzied) and the friendly Ugrim the orc warrior (frenzied).

Vanquished Creatures
  An orc warlord (Orc:3)
  Snorg (Lair:3)
  2 hydras
  4 orc high priests
  The ghost of M4edhros the Jinx, an experienced OpAM of Okawaru (D:8)
  A skeletal warrior (D:15)
  A swamp dragon (Lair:3)
  A hill giant (D:10)
  3 orc knights
  An orc sorcerer (Orc:3)
  5 elephants
  Maurice (D:10)
  A black mamba (Lair:3)
  3 orange demons (D:9)
  A queen ant (Lair:7)
  7 spiny frogs
  A feature mimic (D:10)
  A mermaid (shapeshifter) (D:15)
  A hellwing (Orc:4)
  2 komodo dragons
  5 trolls
  3 bog bodies
  4 blink frogs
  4 slime creatures
  2 grizzly bears
  6 yaks
  A redback (Lair:3)
  Eustachio (D:9)
  6 hippogriffs
  A hungry ghost (D:12)
  8 vampire mosquitoes
  Grum (Orc:3)
  A human (D:9)
  A soldier ant (Lair:7)
  A hill giant skeleton (D:8)
  Edmund (D:6)
  2 swamp worms
  10 wolves
  4 porcupines
  3 necrophages
  A naga (D:9)
  5 sky beasts
  A yellow wasp (D:12)
  2 mottled dragons
  8 ogres
  A swamp drake (Swamp:5)
  28 orc warriors
  3 phantoms
  A black bear (D:9)
  5 ice beasts
  A boring beetle (shapeshifter) (D:15)
  6 centaurs
  3 crocodiles
  Sigmund (D:7)
  2 big kobolds (D:9)
  A giant slug (Lair:3)
  13 wargs
  16 giant frogs
  2 agate snails
  2 jellies (D:9)
  10 water moccasins
  16 killer bees
  A manticore skeleton (D:7)
  2 jellyfish
  4 wights
  An electric eel (Swamp:3)
  A yak skeleton (D:9)
  3 goliath beetles
  15 crimson imps
  A giant frog skeleton (D:8)
  2 giant frog zombies
  36 orc priests
  9 hounds
  A gnoll shaman (D:5)
  32 orc wizards
  2 scorpions
  A centaur skeleton (D:7)
  3 iguanas
  12 worker ants
  7 sheep
  15 adders
  15 gnolls
  13 green rats
  A giant centipede (Lair:2)
  A worm zombie (D:8)
  A giant mite (D:6)
  4 worms
  An ufetubus (Orc:4)
  2 giant eyeballs
  8 giant geckos
  164 orcs
  17 bats
  3 giant cockroaches
  38 goblins
  24 hobgoblins
  13 jackals
  6 quokkas
  A ball python (D:1)
  A giant gecko zombie (D:6)
  5 giant newts
  A jackal zombie (D:6)
  31 kobolds
  A kobold skeleton (D:8)
  2 orc skeletons (D:9)
  3 orc zombies (Orc:3)
  16 rats
  16 ballistomycetes
  10 fungi
  11 plants
789 creatures vanquished.

Vanquished Creatures (collateral kills)
  Saint Roka (Swamp:3)
  Mara (Swamp:5)
  2 tentacled monstrosities (Swamp:4)
  Aizul (Swamp:4)
  An orc warlord (Bailey)
  The ghost of Deemzul the Spear-Bearer, a powerful TeFi of Okawaru (D:14)
  Harold (D:14)
  10 hydras
  6 alligators
  3 death yaks (Lair:8)
  3 orc high priests
  A fire crab (shapeshifter) (D:15)
  2 skeletal warriors (D:15)
  An unseen horror (D:11)
  4 swamp dragons (Swamp:5)
  A lindwurm (Lair:7)
  2 orc knights
  4 griffons
  A red wasp (Swamp:4)
  A cyclops (D:11)
  A draconian (shapeshifter) (D:15)
  7 elephants
  A black mamba (Lair:6)
  An item mimic (D:15)
  Psyche (D:12)
  A smoke demon (Orc:4)
  22 spiny frogs
  A yaktaur (shapeshifter) (D:15)
  4 fire drakes
  2 komodo dragons
  A blue devil (Orc:4)
  A polar bear (Lair:5)
  3 trolls
  Sonja (D:14)
  An iron devil (Swamp:5)
  5 giant leeches
  13 slime creatures
  A bog body (Swamp:2)
  A raven (Swamp:4)
  25 blink frogs
  A fire dragon zombie (D:14)
  A boulder beetle (Lair:6)
  A blink frog (shapeshifter) (D:14)
  A grizzly bear (Lair:5)
  3 basilisks
  2 shadows
  A chaos spawn (Swamp:5)
  39 yaks
  2 wyverns
  2 sharks (Lair:8)
  3 ugly things (D:14)
  5 hippogriffs
  A hungry ghost (Swamp:3)
  2 neqoxecs
  18 wolves
  2 manticores
  10 vampire mosquitoes
  4 soldier ants (Lair:7)
  A freezing wraith (D:13)
  22 swamp worms
  3 hell hounds (D:13)
  2 swamp drakes
  4 porcupines
  2 black bears
  A necrophage (D:10)
  3 orc warriors
  4 ogres
  9 giant goldfish
  A centaur (D:12)
  2 big kobolds
  6 crocodiles
  3 water moccasins
  2 giant slugs
  7 wargs
  9 giant frogs
  6 agate snails
  A jelly (D:12)
  4 electric eels
  5 jellyfish
  3 wights (D:13)
  A yak skeleton (D:13)
  2 crimson imps (D:13)
  7 big fish
  13 orc priests
  3 hounds
  2 orc wizards (Orc:4)
  8 worker ants
  A scorpion (D:14)
  4 iguanas
  21 sheep
  8 adders
  25 green rats
  A giant centipede (Lair:2)
  3 gnolls (Bailey)
  A goliath beetle zombie (D:12)
  A worm (Lair:5)
  An ufetubus (Orc:4)
  2 giant eyeballs
  8 orcs
  8 bats
  10 goblins
  7 hobgoblins (Bailey)
  10 kobolds
  5 quokkas
  A giant newt (Swamp:3)
  A rat (Lair:5)
  A ballistomycete (D:15)
  A bush (Lair:8)
  12 fungi
  20 plants
526 creatures vanquished.

Vanquished Creatures (others)
  5 orc high priests
  The ghost of Kae the Martial Artist, an experienced DrTm of Sif Muna (D:10)
  An ice devil (Swamp:4)
  3 orc knights
  A hellwing (Lair:8)
  A blue devil (Lair:8)
  3 chaos spawn
  A neqoxec (Lair:8)
  5 orc warriors
  A warg (D:10)
  2 rotting devils
  A troll skeleton (D:10)
  7 orc priests
  4 orc wizards
  15 ufetubi
  52 orcs
  3 giant spores
  2 kobolds (D:9)
  A bush (Lair:8)
  4 fungi
  5 plants
118 creatures vanquished.

Grand Total: 1433 creatures vanquished

Notes
Turn   | Place    | Note
--------------------------------------------------------------
     0 | D:1      | HollowCharge, the Hill Orc Fighter, began the quest for the Orb.
     0 | D:1      | Reached XP level 1. HP: 19/19 MP: 1/1
   160 | D:1      | Reached XP level 2. HP: 20/27 MP: 2/2
   332 | D:1      | Reached skill level 4 in Fighting
   599 | D:1      | Reached XP level 3. HP: 25/33 MP: 3/3
  1429 | D:2      | Reached XP level 4. HP: 39/41 MP: 4/4
  1860 | D:3      | Found a glowing silver altar of Zin.
  1861 | D:3      | Found Zin's Purification Station.
  1867 | D:3      | Bought a potion of curing for 60 gold pieces
  2548 | D:4      | Reached XP level 5. HP: 47/47 MP: 5/5
  3008 | D:4      | Reached skill level 5 in Fighting
  3216 | D:4      | Reached XP level 6. HP: 56/56 MP: 6/6
  3252 | D:5      | Entered Level 5 of the Dungeon
  3364 | D:5      | Reached skill level 5 in Axes
  3405 | D:5      | Found a sparkling altar of Nemelex Xobeh.
  3412 | D:5      | Paralysed by a giant eyeball for 3 turns
  3472 | D:5      | Reached XP level 7. HP: 61/61 MP: 7/7
  3538 | D:5      | Reached skill level 5 in Armour
  3626 | D:5      | Reached skill level 5 in Shields
  3727 | D:5      | Reached skill level 6 in Axes
  3867 | D:5      | Reached skill level 7 in Axes
  3867 | D:5      | Reached XP level 8. HP: 35/70 MP: 8/8
  4135 | D:5      | Got an encrusted short sword
  4136 | D:5      | Identified the +11,+6 short sword "Xyibryho" {slice, +Inv Stlth+} (You took it off a crimson imp on level 5 of the Dungeon)
  4345 | D:5      | Found a radiant altar of Vehumet.
  4827 | D:6      | Reached skill level 8 in Axes
  5235 | D:6      | Found a staircase to the Ecumenical Temple.
  6011 | D:7      | Noticed Edmund
  6044 | D:6      | Killed Edmund
  6044 | D:6      | Reached skill level 9 in Axes
  6044 | D:6      | Reached XP level 9. HP: 74/79 MP: 9/9
  6316 | D:7      | Reached skill level 10 in Axes
  6881 | D:7      | Noticed Sigmund
  6900 | D:7      | Killed Sigmund
  7332 | D:8      | Reached skill level 11 in Axes
  7695 | D:8      | Reached XP level 10. HP: 43/90 MP: 10/10
  8786 | D:8      | Noticed M4edhros' ghost (experienced OpAM)
  8815 | D:8      | Killed M4edhros' ghost
  8815 | D:8      | Reached skill level 12 in Axes
  9274 | D:8      | Found a snail-covered altar of Cheibriados.
  9278 | D:8      | Found a bloodstained altar of Trog.
  9280 | D:8      | Found an iron altar of Okawaru.
  9413 | D:9      | Found a staircase to the Orcish Mines.
  9813 | D:9      | Noticed Eustachio
  9825 | D:9      | Killed Eustachio
 10206 | D:9      | Found Kheirghucw's Book Shop.
 10269 | D:9      | Reached XP level 11. HP: 99/99 MP: 11/11
 10279 | D:9      | Reached skill level 10 in Fighting
 10323 | D:9      | Found Prusm's Magic Scroll Shop.
 10539 | D:9      | Found Foejom's Jewellery Boutique.
 10541 | D:9      | Reached skill level 13 in Axes
 10951 | D:9      | Bought an uncursed ring of protection from magic for 300 gold pieces
 11610 | Orc:1    | Entered Level 1 of the Orcish Mines
 11740 | Orc:2    | Noticed an orc knight
 12047 | D:10     | Entered Level 10 of the Dungeon
 12070 | D:10     | Noticed Maurice
 12116 | D:10     | Killed Maurice
 12705 | D:10     | Found a shimmering altar of Xom.
 12722 | D:10     | Noticed a hill giant
 12732 | D:10     | Killed a hill giant
 12732 | D:10     | Reached skill level 14 in Axes
 12923 | D:10     | Found a staircase to the Lair.
 12937 | D:10     | Paralysed by a yellow wasp for 2 turns
 13485 | D:10     | Killed Kae's ghost
 13524 | Lair:1   | Entered Level 1 of the Lair of Beasts
 14421 | Lair:1   | Found an ancient bone altar of Kikubaaqudgha.
 14638 | Lair:1   | Reached skill level 10 in Armour
 14668 | Lair:1   | Reached skill level 10 in Shields
 14689 | Lair:1   | Reached XP level 12. HP: 99/110 MP: 12/12
 16490 | Lair:3   | Found a hole to the Spider Nest.
 16504 | Lair:3   | Noticed Snorg
 16520 | Lair:3   | Killed Snorg
 16520 | Lair:3   | Reached skill level 15 in Axes
 16667 | Lair:3   | Found a staircase to the Swamp.
 17780 | Orc:2    | Killed an orc knight
 18945 | Orc:2    | Noticed an orc high priest
 19059 | Orc:2    | Killed an orc high priest
 19271 | Orc:2    | Found a roughly hewn altar of Beogh.
 19276 | Orc:2    | Became a worshipper of Beogh the Brigand
 19568 | Orc:3    | Noticed Grum
 19590 | Orc:3    | Killed Grum
 19590 | Orc:3    | Reached skill level 16 in Axes
 19734 | Orc:3    | Acquired Beogh's first power
 19886 | Orc:3    | Noticed an orc warlord
 19893 | Orc:3    | Killed an orc warlord
 19908 | Orc:3    | Reached XP level 13. HP: 100/118 MP: 13/13
 19909 | Orc:3    | Acquired Beogh's second power
 20036 | Orc:3    | Found an iron altar of Okawaru.
 20247 | Orc:4    | Entered Level 4 of the Orcish Mines
 20423 | Orc:4    | Found a staircase to the Elven Halls.
 20427 | Orc:4    | Acquired Beogh's third power
 20617 | Orc:4    | Found a roughly hewn altar of Beogh.
 20854 | Orc:4    | Found Pnaklare's Food Shop.
 21138 | Orc:4    | Bought a pear for 10 gold pieces
 21138 | Orc:4    | Bought a pear for 10 gold pieces
 21146 | Orc:4    | Found Puferch's Antique Weapon Emporium.
 21339 | Orc:4    | Found Tyxex's Weapon Emporium.
 21539 | Orc:4    | Found Gonuto's Armour Shop.
 21542 | Orc:4    | Gained Boruk as an ally
 21546 | Orc:4    | Reached skill level 17 in Axes
 21698 | Orc:4    | Acquired Beogh's fourth power
 22574 | Lair:4   | Your ally Boruk died
 22574 | Lair:4   | Reached skill level 1 in Invocations
 22580 | Lair:4   | Gained Orik as an ally
 23260 | Lair:4   | Upgraded the game from 0.14-a0-1844-g8283a67 to 0.14-a0-1876-g927fc3a
 23320 | Lair:4   | Gained Argrim as an ally
 23597 | Lair:5   | Reached skill level 5 in Invocations
 24052 | Lair:5   | Found an ancient bone altar of Kikubaaqudgha.
 24445 | Lair:5   | Acquired Beogh's fifth power
 24461 | Lair:5   | Reached skill level 1 in Evocations
 24492 | Lair:5   | Gained Alork as an ally
 24758 | Lair:5   | Gained Okrist as an ally
 25375 | Lair:6   | Gained Bogbarth as an ally
 25416 | Lair:6   | Reached XP level 14. HP: 114/127 MP: 22/22
 26432 | Lair:7   | Gained Wargrak as an ally
 27103 | Lair:8   | Entered Level 8 of the Lair of Beasts
 27127 | Lair:8   | Reached skill level 18 in Axes
 27141 | Lair:8   | Gained Bogdan as an ally
 28572 | D:11     | Reached skill level 5 in Evocations
 28681 | D:11     | Found Itsyanorgh's Armour Shoppe.
 29290 | D:12     | Noticed Psyche
 29298 | D:12     | Killed Psyche
 30262 | D:13     | Paralysed by a giant eyeball for 4 turns
 30543 | D:13     | Found a flagged portal.
 30570 | Bailey   | Entered a bailey
 30651 | Bailey   | Gained Norbak as an ally
 30654 | Bailey   | Your ally Norbak died
 30891 | Bailey   | Noticed an orc warlord
 30893 | Bailey   | Gained Gorm as an ally
 30903 | Bailey   | Gained Ortolf as an ally
 30904 | Bailey   | Killed an orc warlord
 31386 | D:14     | Noticed Harold
 31393 | D:14     | Killed Harold
 31689 | D:14     | Reached XP level 15. HP: 130/137 MP: 24/24
 31713 | D:14     | Paralysed by a giant eyeball for 4 turns
 31776 | D:14     | Found a burning altar of Makhleb.
 31787 | D:14     | Noticed Deemzul's ghost (powerful TeFi)
 31796 | D:14     | Killed Deemzul's ghost
 31806 | D:14     | Noticed Sonja
 31812 | D:14     | Killed Sonja
 32088 | D:15     | Entered Level 15 of the Dungeon
 32097 | D:15     | Found a gate to the Vaults.
 32122 | D:15     | Gained Bladwarg as an ally
 32606 | Swamp:1  | Entered Level 1 of the Swamp
 33260 | Swamp:3  | Noticed Saint Roka
 33274 | Swamp:3  | Your ally Alork died
 33279 | Swamp:3  | Killed Saint Roka
 33618 | Swamp:4  | Noticed Aizul
 33631 | Swamp:4  | Killed Aizul
 33873 | Swamp:4  | Noticed a tentacled monstrosity
 33890 | Swamp:4  | Killed a tentacled monstrosity
 34053 | Swamp:4  | Noticed a tentacled monstrosity
 34064 | Swamp:4  | Killed a tentacled monstrosity
 34064 | Swamp:4  | Reached skill level 19 in Axes
 34615 | Swamp:5  | Entered Level 5 of the Swamp
 34628 | Swamp:5  | Noticed Mara
 34646 | Swamp:5  | Noticed HollowCharge's illusion
 34653 | Swamp:5  | Noticed Mara
 34653 | Swamp:5  | Noticed Mara
 34661 | Swamp:5  | Killed Mara
 34889 | Swamp:5  | Your ally Argrim died
 34893 | Swamp:5  | Your ally Okrist died
 34894 | Swamp:5  | Your ally Orik died
 34937 | Swamp:5  | Gained Ugrim as an ally
 34938 | Swamp:5  | HP: 2/138 [swamp worm (12)]
 34939 | Swamp:5  | Mangled by a swamp worm

Action                   |  1- 3 |  4- 6 |  7- 9 | 10-12 | 13-15 || total
-------------------------+-------+-------+-------+-------+-------++-------
Melee: Hand axe          |   135 |   206 |   782 |   586 |       ||  1709
       War axe           |       |       |       |  1046 |   402 ||  1448
       Broad axe         |       |       |       |       |   312 ||   312
Invok: Recall Orcish Fol |       |       |       |       |     5 ||     5
       Smiting           |       |       |       |       |     1 ||     1
Evoke: Wand              |       |       |       |     2 |       ||     2
  Use: Scroll            |    10 |    11 |     3 |    15 |    23 ||    62
       Potion            |     1 |       |     1 |     5 |     6 ||    13
 Stab: Distracted        |       |       |       |       |    13 ||    13
